 Dungeon Crawl Stone Soup version 0.22.1-1-ga44c0e5 (webtiles) character file.

1636 brandon the Destroyer (level 8, -4/41 HPs)
             Began as a Deep Elf Fire Elementalist on Oct 5, 2018.
             Slain by Duvessa
             ... wielding a +0 short sword
              (8 damage)
             ... on level 5 of the Dungeon.
             The game lasted 00:20:28 (6924 turns).

brandon the Destroyer (Deep Elf Fire Elementalist)  Turns: 6924, Time: 00:20:29

Health: -4/41      AC:  5    Str:  5    XL:     8   Next: 66%
Magic:  0/21       EV: 12    Int: 28    God:
Gold:   341        SH:  0    Dex: 15    Spells: 7/22 levels left

rFire    + . .     SeeInvis .   B - +2 falchion (holy)
rCold    + . .     Gourm    .   (no shield)
rNeg     . . .     Faith    .   n - +1 leather armour
rPois    .         Spirit   .   (no helmet)
rElec    .         Reflect  .   g - scarf {rC+ rF+}
rCorr    .         Harm     .   (no gloves)
MR       .....     Rnd*Tele +   k - +0 pair of boots
Stlth    ++........             d - amulet of rage
HPRegen  0.13/turn              x - ring of teleportation (curse)
MPRegen  0.17/turn              (no ring)

@: brilliant, very slightly contaminated
A: no striking features
a: Evoke Berserk Rage


You were on level 5 of the Dungeon.
You were hungry.

You visited 1 branch of the dungeon, and saw 5 of its levels.
You also visited: Ossuary.

You collected 341 gold pieces.

Inventory:

Hand Weapons
 B - a +2 falchion of holy wrath (weapon)
Armour
 g - a scarf of resistance (worn)
 k - a +0 pair of boots (worn)
 n - a +1 leather armour (worn)
Jewellery
 d - an amulet of rage (around neck)
 x - a cursed ring of teleportation (left hand)
Wands
 z - a wand of polymorph (9)
Scrolls
 h - a scroll of amnesia
 j - 3 scrolls of teleportation
 l - a scroll of immolation {unknown}
 m - 3 scrolls of fear
 q - a scroll of remove curse
 v - a scroll of identify
 w - 3 scrolls of magic mapping
Potions
 e - a potion of lignification {unknown}
 f - a potion of flight
 i - 2 potions of curing
 o - 3 potions of heal wounds
 p - 3 potions of agility
 s - 3 potions of ambrosia
 t - 2 potions of invisibility
 u - a potion of berserk rage {unknown}
Comestibles
 c - 5 rations


   Skills:
 - Level 2.4 Dodging
 - Level 2.4 Stealth
 + Level 7.7 Spellcasting
 * Level 8.6 Conjurations
 + Level 6.9 Fire Magic


You had 7 spell levels left.
You knew the following spells:

 Your Spells              Type           Power        Failure   Level  Hunger
a - Flame Tongue          Conj/Fire      #####        1%          1    None
b - Throw Flame           Conj/Fire      ######       1%          2    None
c - Conjure Flame         Conj/Fire      ######..     1%          3    None
d - Fireball              Conj/Fire      ######....   1%          5    ####...
e - Sticky Flame          Conj/Fire      ######..     1%          4    ##.....

Your spell library contained the following spells:

 Spells                   Type           Power        Failure   Level  Hunger
 Inner Flame              Hex/Fire       #####...     1%          3    None


Dungeon Overview and Level Annotations

Branches:
Dungeon (5/15)
 Temple: D:4-7

Altars:
Elyvilon

Shops:
D:4 %

Annotations:
D:5 Dowan, Duvessa


Message History

Duvessa is almost dead.
Duvessa is no longer moving quickly.
Duvessa hits you with a short sword!
* * * LOW HITPOINT WARNING * * *
Duvessa barely misses you.
You hit Duvessa but do no damage.
Duvessa is almost dead.
Duvessa barely misses you.
You riposte.
You barely miss Duvessa.
Duvessa is almost dead.
You hit Duvessa but do no damage.
Duvessa is almost dead.
Duvessa hits you but does no damage.
Casting: Flame Tongue (safe; 1% risk of failure)
Confirm with . or Enter, or press ? or * to list all spells.
Aiming: Flame Tongue (safe; 1% risk of failure)
Press: ? - help, Shift-Dir - straight line, f/p - Duvessa
Aim: Duvessa, wielding a short sword and wearing a shiny scale mail (almost The flame tongue hits Duvessa.
Duvessa resists.
Duvessa is almost dead.
Duvessa hits you with a short sword!
You die...

#.# #.# ###### #.# #.#
.....# #.#########.###
####.#######.#.#(...e§.....#
.......<.....#.#.###########
.....#########.#(#
##############.#.#
...............#e#
################@# #.# #.#
#.# #.# #.# #.# ###


You could see Duvessa.

Vanquished Creatures
  Pikel (D:4)
  Grinder (D:5)
  Sigmund (D:4)
  Eustachio (D:4)
  Menkaure (Ossuary)
  An ice beast (D:5)
  An ogre (D:4)
  A phantom (D:3)
  A centaur (D:5)
  A scorpion (D:5)
  A crimson imp (D:5)
  A hound (D:4)
  2 worker ants
  Natasha (D:4)
  3 orc wizards
  3 mummies (Ossuary)
  5 adders
  An ooze (D:5)
  3 dart slugs
  A worm (D:4)
  A leopard gecko (D:2)
  9 orcs
  7 bats
  6 giant cockroaches
  3 gnoll zombies (Ossuary)
  4 goblins
  9 hobgoblins
  12 jackals
  9 kobolds
  A quokka (D:4)
  3 ball pythons
  2 frilled lizards
  2 gnoll skeletons (Ossuary)
  7 goblin skeletons (Ossuary)
  4 goblin zombies (Ossuary)
  3 hobgoblin skeletons (Ossuary)
  A hobgoblin zombie (Ossuary)
  A jackal skeleton (D:4)
  3 kobold skeletons (Ossuary)
  4 kobold zombies (Ossuary)
  2 orc skeletons (Ossuary)
  3 orc zombies (Ossuary)
  7 rats
  3 rat skeletons (Ossuary)
  2 rat zombies (Ossuary)
139 creatures vanquished.

Vanquished Creatures (others)
  A slave (D:4)
  2 gnoll zombies (Ossuary)
  A ball python skeleton (D:4)
  A goblin skeleton (Ossuary)
  3 goblin zombies (Ossuary)
  A kobold skeleton (Ossuary)
  A kobold zombie (Ossuary)
  An orc skeleton (Ossuary)
  2 rat skeletons (Ossuary)
  2 rat zombies (Ossuary)
15 creatures vanquished.

Grand Total: 154 creatures vanquished

Notes
Turn   | Place    | Note
-------+----------+-------------------------------------------
     0 | D:1      | brandon the Deep Elf Fire Elementalist began the quest for
                  | the Orb.
     0 | D:1      | Reached XP level 1. HP: 10/10 MP: 6/6
   207 | D:1      | Reached XP level 2. HP: 15/15 MP: 5/8
   390 | D:1      | Reached skill level 2 in Conjurations
   477 | D:1      | Learned a level 2 spell: Throw Flame
   911 | D:1      | Reached XP level 3. HP: 19/19 MP: 6/9
  2395 | D:3      | Reached skill level 3 in Conjurations
  2619 | D:3      | Learned a level 3 spell: Conjure Flame
  2682 | D:3      | Reached XP level 4. HP: 24/24 MP: 8/11
  3093 | D:3      | Noticed a phantom
  3106 | D:3      | Killed a phantom
  3106 | D:3      | Reached skill level 4 in Conjurations
  3106 | D:3      | Reached XP level 5. HP: 28/28 MP: 1/13
  4004 | D:4      | Found a white marble altar of Elyvilon.
  4030 | D:4      | Noticed Sigmund
  4040 | D:4      | Killed Sigmund
  4040 | D:4      | Reached skill level 5 in Spellcasting
  4040 | D:4      | Reached skill level 5 in Conjurations
  4040 | D:4      | Reached XP level 6. HP: 24/32 MP: 7/15
  4116 | D:4      | Reached skill level 5 in Fire Magic
  4235 | D:4      | Found a sand-covered staircase.
  4242 | Ossuary  | Entered an ossuary
  4259 | Ossuary  | Learned a level 5 spell: Fireball
  4264 | Ossuary  | Learned a level 4 spell: Sticky Flame
  5295 | Ossuary  | Noticed Menkaure
  5301 | Ossuary  | Killed Menkaure
  5557 | D:4      | Reached XP level 7. HP: 36/36 MP: 10/17
  5696 | D:4      | Reached skill level 6 in Conjurations
  5851 | D:4      | Noticed Pikel
  5861 | D:4      | Killed Pikel
  5861 | D:4      | Reached skill level 7 in Conjurations
  5861 | D:4      | Reached XP level 8. HP: 27/41 MP: 3/20
  6077 | D:4      | Found Anwiag's Food Boutique.
  6231 | D:4      | Noticed Natasha
  6234 | D:4      | Killed Natasha
  6240 | D:4      | Noticed Eustachio
  6266 | D:4      | Killed Eustachio
  6394 | D:5      | Entered Level 5 of the Dungeon
  6488 | D:5      | Reached skill level 8 in Conjurations
  6569 | D:5      | Noticed Grinder
  6579 | D:5      | Killed Grinder
  6859 | D:5      | Noticed Duvessa
  6862 | D:5      | Noticed Dowan
  6924 | D:5      | Slain by Duvessa

Skill      XL: |  1  2  3  4  5  6  7  8 |
---------------+-------------------------+-----
Conjurations   | 2 3 4 5 7 8 |  8.6
Fire Magic     | 4 5 6 |  6.9
Spellcasting   | 4 5 6 7 |  7.7
Dodging        | |  2.4
Stealth        | |  2.4

Action                   |  1- 3 |  4- 6 |  7- 9 || total
-------------------------+-------+-------+-------++-------
Melee: Unarmed           |     3 |     6 |       ||     9
       Rapier            |       |     8 |       ||     8
       Falchion          |       |       |    12 ||    12
Throw: Tomahawk          |       |       |     5 ||     5
 Cast: Flame Tongue      |    36 |    63 |    52 ||   151
       Throw Flame       |    37 |    86 |    31 ||   154
       Conjure Flame     |       |     5 |     4 ||     9
  Use: Scroll            |       |    13 |     5 ||    18
       Potion            |       |     1 |     1 ||     2
  Eat: Chunk             |     4 |     5 |     3 ||    12
       Ration            |     1 |     1 |       ||     2
Armor: Robe              |     9 |       |       ||     9
       Leather armour    |       |     7 |     4 ||    11
Dodge: Dodged            |    13 |    24 |    12 ||    49
       Rpst.: Falchion   |       |       |     6 ||     6
